[Event "Titled Tuesday Blitz August 22 Late 2023"]
[White "Mamedov, Edgar"]
[Black "Trifan, Andrei Ioan"]
[WhiteFideId "13739980"]
[BlackFideId "12967068"]
[WhiteElo "2683"]
[BlackElo "2569"]
[Result "0-1"]
[Round "9"]
[TimeControl "180+1"]
[Date "2023.08.22"]
[WhiteClock "0:01:03"]
[BlackClock "0:01:15"]
[Board "36"]

1. d4 Nf6 2. Nf3 e6 3. Bg5 Be7 4. e3 b6 5. Nbd2 Bb7 6. Bd3 d5 7. O-O Nbd7 8. c3 O-O 9. Ne5 c5 10. f4 h6 11. Bxf6 Bxf6 12. Ndf3 Qe7 13. a4 a6 14. g4 Bxe5 15. fxe5 f6 16. Qe1 fxe5 17. Nxe5 Nxe5 18. dxe5 Rxf1+ 19. Bxf1 Rd8 20. Bg2 d4 21. Bxb7 Qxb7 22. exd4 cxd4 23. Rd1 Qf3 24. Rxd4 Rxd4 25. cxd4 Qxg4+ 26. Qg3 Qxd4+ 27. Kf1 Qd1+ 28. Qe1 Qxe1+ 29. Kxe1 Kf7 30. Kd2 Kg6 0-1


[Site "https://www.chess.com"]

[Event "Titled Tuesday Blitz August 22 Late 2023"]
[White "Cuenca Jimenez, Jose Fernando"]
[Black "Guerra Tulcan, Lenin"]
[WhiteFideId "2255570"]
[BlackFideId "3601382"]
[WhiteElo "2682"]
[BlackElo "2559"]
[Result "0-1"]
[Round "9"]
[TimeControl "180+1"]
[Date "2023.08.22"]
[WhiteClock "0:00:30"]
[BlackClock "0:00:27"]
[Board "37"]

1. c4 e5 2. Nc3 Bc5 3. Nf3 d6 4. e3 a6 5. d4 exd4 6. Nxd4 Nf6 7. Be2 O-O 8. O-O Nc6 9. Nxc6 bxc6 10. Bf3 Be6 11. b3 d5 12. Na4 Be7 13. c5 Nd7 14. Ba3 Bf6 15. Rc1 Ne5 16. Be2 Bf5 17. Bb2 Re8 18. Bd4 Ng6 19. g3 Qd7 20. Bxf6 gxf6 21. Qd4 Kg7 22. Nc3 Bh3 23. Rfe1 Qf5 24. f3 h5 25. Nd1 Ne5 26. Nf2 Qxf3 27. Qf4 Qg2# 0-1


[Site "https://www.chess.com"]

[Event "Titled Tuesday Blitz August 22 Late 2023"]
[White "Alex_Sahakyan2006"]
[Black "D`Arruda, Ricardo D."]
[BlackFideId "100692"]
[WhiteElo "2680"]
[BlackElo "2557"]
[Result "1-0"]
[Round "9"]
[TimeControl "180+1"]
[Date "2023.08.22"]
[WhiteClock "0:00:41"]
[BlackClock "0:00:36"]
[Board "38"]

1. e4 c5 2. Nc3 e6 3. f4 d5 4. Nf3 Nf6 5. Bb5+ Nbd7 6. d3 a6 7. Bxd7+ Bxd7 8. O-O dxe4 9. dxe4 Bc6 10. Qe2 Be7 11. Ne5 Qc7 12. Nxc6 Qxc6 13. e5 Nd5 14. Nxd5 Qxd5 15. Rd1 Qc6 16. Be3 O-O 17. Kf2 Rfd8 18. c3 g6 19. g3 Rxd1 20. Rxd1 Rd8 21. Rxd8+ Bxd8 22. Qd1 Be7 23. c4 f5 24. exf6 Bxf6 25. b3 Kf7 26. Qf3 Qxf3+ 27. Kxf3 Be7 28. Ke4 Bd6 29. Bd2 h5 30. Bc3 Ke8 31. Be5 Be7 32. Bb8 Bf6 33. Bd6 Bd4 34. b4 Bg1 35. Bxc5 Bxh2 36. Kf3 h4 37. gxh4 b5 38. cxb5 axb5 39. Be3 e5 40. Ke4 exf4 41. Bxf4 Bg1 42. Be3 Bh2 43. Kd5 Kd7 44. Kc5 Bg3 45. Bg5 1-0


[Site "https://www.chess.com"]

[Event "Titled Tuesday Blitz August 22 Late 2023"]
[White "Shapiro, Viktor"]
[Black "Annaberdiyev, Meylis"]
[WhiteFideId "4175700"]
[BlackFideId "14000563"]
[WhiteElo "2551"]
[BlackElo "2670"]
[Result "1-0"]
[Round "9"]
[TimeControl "180+1"]
[Date "2023.08.22"]
[WhiteClock "0:00:10"]
[BlackClock "0:00:00"]
[Board "39"]

1. c4 e5 2. Nc3 Nc6 3. g3 Bc5 4. Bg2 d6 5. e3 a6 6. Nge2 Ba7 7. d4 Nge7 8. O-O h5 9. h3 h4 10. g4 f5 11. g5 Ng6 12. f4 O-O 13. Bd5+ Rf7 14. dxe5 dxe5 15. Bxf7+ Kxf7 16. Qxd8 Nxd8 17. Kh2 e4 18. Rd1 Ne6 19. b4 a5 20. a3 c6 21. c5 Bb8 22. Bb2 Nxg5 23. Rd8 Bc7 24. Rdd1 Ne7 25. Kg2 Nf3 26. Nd4 Nxd4 27. Rxd4 Be6 28. b5 Rg8 29. b6 Bb8 30. Rad1 g5 31. fxg5 Rxg5+ 32. Kf1 Rg3 33. Rd8 Be5 34. Nxe4 Bc4+ 35. Kf2 fxe4 36. Bxe5 Rf3+ 37. Kg2 Nd5 38. Bd4 Ke6 39. Rb8 Ba6 40. Kh2 Nxe3 41. Bxe3 Rxe3 42. Rd6+ Kf7 43. Rh6 Re2+ 44. Kg1 e3 45. Rxh4 Re1+ 46. Kg2 e2 47. Re4 Bc4 48. Rxb7+ Kf6 49. Re3 Rb1 50. Rbe7 Rb2 51. Kg3 Rb3 52. Kf2 Rb1 53. Rxe2 Bxe2 54. Rxe2 a4 55. Ke3 Rb3+ 56. Kd4 Rxa3 57. Rb2 Ra1 58. b7 Rd1+ 59. Kc3 a3 60. b8=Q axb2 61. Qxb2 Rd5 62. Kc4+ Ke6 63. Qe2+ Kd7 64. Qg4+ Kc7 65. h4 Rd2 66. h5 Rc2+ 67. Kd4 Ra2 68. Qg7+ Kd8 69. Qg8+ 1-0


[Site "https://www.chess.com"]

[Event "Titled Tuesday Blitz August 22 Late 2023"]
[White "Estrada Nieto, Julian"]
[Black "Korchmar, Vasiliy"]
[WhiteFideId "5101018"]
[BlackFideId "24131750"]
[WhiteElo "2546"]
[BlackElo "2669"]
[Result "0-1"]
[Round "9"]
[TimeControl "180+1"]
[Date "2023.08.22"]
[WhiteClock "0:00:00"]
[BlackClock "0:00:07"]
[Board "40"]

1. e4 c5 2. Nf3 d6 3. Bb5+ Nd7 4. d4 cxd4 5. Qxd4 a6 6. Bxd7+ Bxd7 7. Nc3 Nf6 8. Bg5 e6 9. O-O-O Be7 10. e5 dxe5 11. Nxe5 Bc6 12. Nxc6 bxc6 13. Bxf6 Bxf6 14. Qc5 Qc7 15. Ne4 Be7 16. Nd6+ Kf8 17. Rd3 Rd8 18. Rhd1 h5 19. Qe5 Rh6 20. Nxf7 Qxe5 21. Nxe5 Rc8 22. f4 h4 23. c4 Ke8 24. Kc2 Rh5 25. Rd7 Rf5 26. g3 g5 27. Ra7 gxf4 28. Rdd7 Bc5 29. Rac7 Rxc7 30. Rxc7 Rxe5 31. gxf4 Re2+ 32. Kd3 Rxh2 33. Rxc6 Be7 34. Rxe6 Rxb2 35. f5 Kf7 36. Rh6 Rxa2 37. Ke4 a5 38. Kd5 Rd2+ 39. Kc6 a4 40. Rh7+ Kf8 41. Rh8+ Kg7 42. Ra8 a3 43. Ra7 Kf6 44. c5 a2 45. Kb5 Rb2+ 46. Kc6 h3 47. Ra3 h2 48. Rh3 a1=Q 49. Rh6+ Kg7 50. Rg6+ Kf7 51. Rh6 Qa6+ 52. Kd5 Qxh6 0-1


[Site "https://www.chess.com"]

[Event "Titled Tuesday Blitz August 22 Late 2023"]
[White "Zhu, Jiner"]
[Black "Swicarz, Maciej"]
[WhiteFideId "8608059"]
[BlackFideId "1113585"]
[WhiteElo "2663"]
[BlackElo "2521"]
[Result "1-0"]
[Round "9"]
[TimeControl "180+1"]
[Date "2023.08.22"]
[WhiteClock "0:00:44"]
[BlackClock "0:00:22"]
[Board "41"]

1. e4 c5 2. Nf3 d6 3. Bb5+ Nd7 4. d4 cxd4 5. Qxd4 a6 6. Bxd7+ Bxd7 7. O-O Nf6 8. Nc3 g6 9. Nd5 Bg7 10. Bg5 Nh5 11. Qd2 f6 12. Be3 O-O 13. Bb6 Qe8 14. Nc7 Qf7 15. Nxa8 Rxa8 16. h3 f5 17. exf5 gxf5 18. Rad1 Rc8 19. c3 Bf6 20. Rfe1 Rc6 21. Bd4 e5 22. Bxe5 dxe5 23. Qxd7 e4 24. Qxf7+ Kxf7 25. Rd7+ Ke6 26. Rxh7 Nf4 27. Rh6 Kf7 28. Nd4 Bxd4 29. Rxc6 Bxf2+ 30. Kxf2 Nd3+ 31. Ke3 bxc6 32. Re2 Ke6 33. Rd2 Ne5 34. Rd4 c5 35. Ra4 Nd3 36. Rxa6+ Kd5 37. g3 Nxb2 38. h4 Nc4+ 39. Ke2 Nd6 40. h5 1-0


[Site "https://www.chess.com"]

[Event "Titled Tuesday Blitz August 22 Late 2023"]
[White "only_strong_moves"]
[Black "Shuvalova, Polina"]
[BlackFideId "24171760"]
[WhiteElo "2520"]
[BlackElo "2659"]
[Result "0-1"]
[Round "9"]
[TimeControl "180+1"]
[Date "2023.08.22"]
[WhiteClock "0:00:10"]
[BlackClock "0:00:08"]
[Board "42"]

1. d4 Nf6 2. Nc3 d5 3. Bf4 a6 4. e3 b5 5. Nf3 Nbd7 6. Ne5 Bb7 7. Be2 e6 8. O-O c5 9. dxc5 Bxc5 10. Bf3 O-O 11. Ne2 Rc8 12. c3 a5 13. Nd3 Bb6 14. a4 bxa4 15. Rxa4 Qe7 16. Ne5 Nxe5 17. Bxe5 Nd7 18. Bg3 Nc5 19. Ra1 a4 20. Nd4 Rfd8 21. Be2 g6 22. Bb5 e5 23. Nf3 f6 24. Bxa4 Nxa4 25. Qxa4 Bc6 26. Qa6 Qb7 27. Qxb7 Bxb7 28. Ra3 Bc5 29. Rb3 Bc6 30. h4 h5 31. Ra1 Ra8 32. Rc1 Ra7 33. c4 Ba4 34. Rd3 Rad7 35. cxd5 Rxd5 36. Rxd5 Rxd5 37. e4 Rd1+ 38. Rxd1 Bxd1 39. Nd2 Bc2 40. Kh2 Bb4 41. Nc4 Bxe4 42. f4 Bd3 43. Ne3 exf4 44. Bxf4 Kf7 45. Nd5 Bc5 46. Nc3 Bc4 47. Bd2 Bb3 48. Bf4 Bd4 49. Kg3 Ke6 50. Kf3 Kf5 51. g3 g5 52. hxg5 fxg5 53. Bc7 Bc2 54. Bd8 Bd3 55. Kg2 Ba6 56. Kf3 Bb7+ 57. Ke2 Kg4 58. Kd3 Be5 59. Ne2 Bxb2 60. Nc3 Bc1 61. Ne2 Ba3 62. Nc3 Bd6 63. Ne4 Bxe4+ 64. Kxe4 Bxg3 65. Ke3 Bf4+ 66. Kf2 Kf5 67. Kg2 Be5 68. Bb6 g4 69. Be3 Bf4 70. Bd4 h4 71. Bf2 h3+ 72. Kg1 Ke4 73. Kh1 Kf3 74. Bg1 g3 75. Be3 g2+ 76. Kg1 Bxe3+ 77. Kh2 g1=Q+ 78. Kxh3 Qg3# 0-1


[Site "https://www.chess.com"]

[Event "Titled Tuesday Blitz August 22 Late 2023"]
[White "Pham, Le Thao Nguyen"]
[Black "Cheng, Xiao"]
[WhiteFideId "12401226"]
[BlackFideId "2022915"]
[WhiteElo "2656"]
[BlackElo "2496"]
[Result "1-0"]
[Round "9"]
[TimeControl "180+1"]
[Date "2023.08.22"]
[WhiteClock "0:00:17"]
[BlackClock "0:00:06"]
[Board "43"]

1. d4 Nf6 2. Nf3 e6 3. Bf4 Be7 4. h3 b5 5. e3 a6 6. Nbd2 c5 7. c3 Bb7 8. Bd3 d5 9. O-O Nbd7 10. a3 Rc8 11. b4 cxb4 12. cxb4 Ne4 13. Nb3 O-O 14. Nc5 Nexc5 15. bxc5 f6 16. Qb1 f5 17. a4 Bc6 18. axb5 axb5 19. Bxb5 g5 20. Bxc6 Rxc6 21. Ne5 Rc8 22. Nxd7 Qxd7 23. Be5 f4 24. exf4 gxf4 25. Ra3 Bf6 26. Bxf6 Rxf6 27. Rf3 Qg7 28. Kh1 Rcf8 29. Qd3 Rg6 30. Rg1 Qd7 31. Qe2 Rf5 32. Qd2 Rgf6 33. Rc1 Qc7 34. c6 Rh5 35. Qb4 Rf7 36. Qc5 Rg5 37. Rb1 Rfg7 38. Rb7 Qc8 39. Rxg7+ Rxg7 40. Rxf4 Qb8 41. Rg4 Qc7 42. Rxg7+ Kxg7 43. Qb5 Kf6 44. g3 Qa7 45. Qc5 Qa1+ 46. Kg2 Qe1 47. Qc2 e5 48. dxe5+ Qxe5 49. c7 d4 50. c8=Q Qd5+ 51. Kh2 d3 52. Q2c6+ Ke5 53. Qxd5+ Kxd5 54. Qd7+ Ke4 55. Qxh7+ Kf3 56. Qxd3+ Kxf2 57. g4 Ke1 58. Qc2 Kf1 59. Kg3 Ke1 60. Kf3 Kf1 61. Qf2# 1-0


[Site "https://www.chess.com"]

[Event "Titled Tuesday Blitz August 22 Late 2023"]
[White "Filipascu"]
[Black "Arencibia Monduy, Antonio"]
[BlackFideId "3507939"]
[WhiteElo "2649"]
[BlackElo "2484"]
[Result "1-0"]
[Round "9"]
[TimeControl "180+1"]
[Date "2023.08.22"]
[WhiteClock "0:01:23"]
[BlackClock "0:00:03"]
[Board "44"]

1. c4 Nf6 2. Nc3 e6 3. e4 d5 4. e5 d4 5. exf6 dxc3 6. bxc3 Qxf6 7. d4 Bd6 8. Nf3 h6 9. Bd3 O-O 10. Rb1 c5 11. O-O cxd4 12. cxd4 Nc6 13. Re1 b6 14. Be4 Bd7 15. c5 Bc7 16. d5 exd5 17. Qxd5 Rad8 18. Bb2 Qf4 19. g3 Qg4 20. Rbd1 Na5 21. Ne5 Bxe5 22. Bxe5 Qe6 23. cxb6 Qxd5 24. Bxd5 Bg4 25. bxa7 Bxd1 26. Rxd1 Rxd5 27. Rxd5 Nc6 28. Bb8 Nxa7 29. Bxa7 Re8 30. Rd7 Re2 31. a4 Ra2 32. Rd4 Ra3 33. Bc5 Rb3 34. a5 Rc3 35. Bb6 Rc1+ 36. Kg2 Ra1 37. Rd8+ Kh7 38. Rd7 Kg6 39. h4 Rd1 40. Rxd1 1-0


[Site "https://www.chess.com"]

[Event "Titled Tuesday Blitz August 22 Late 2023"]
[White "Colpe, Malte"]
[Black "Omelja, Artem"]
[WhiteFideId "24623075"]
[BlackFideId "14119846"]
[WhiteElo "2478"]
[BlackElo "2647"]
[Result "0-1"]
[Round "9"]
[TimeControl "180+1"]
[Date "2023.08.22"]
[WhiteClock "0:01:06"]
[BlackClock "0:01:32"]
[Board "45"]

1. d4 Nf6 2. c4 e6 3. Nc3 d5 4. Nf3 c6 5. Bg5 Be7 6. e3 h6 7. Bf4 Nbd7 8. h3 O-O 9. Qc2 a6 10. cxd5 Nxd5 11. Bh2 Nxc3 12. bxc3 c5 13. Bd3 b6 14. Be4 Ra7 15. O-O Bb7 16. Bxb7 Rxb7 17. a4 Qc8 18. Qd3 b5 19. axb5 axb5 20. e4 b4 21. cxb4 Rxb4 22. d5 exd5 23. exd5 c4 24. Qe2 Bf6 25. Rac1 Re8 26. Qa2 c3 27. Bf4 Rxf4 0-1


[Site "https://www.chess.com"]

[Event "Titled Tuesday Blitz August 22 Late 2023"]
[White "Pein, Jonathan"]
[Black "Jakubowski, Krzysztof"]
[WhiteFideId "417092"]
[BlackFideId "1112848"]
[WhiteElo "2471"]
[BlackElo "2635"]
[Result "0-1"]
[Round "9"]
[TimeControl "180+1"]
[Date "2023.08.22"]
[WhiteClock "0:00:02"]
[BlackClock "0:01:36"]
[Board "46"]

1. b3 d5 2. Bb2 Bf5 3. Nf3 e6 4. d3 h6 5. Nbd2 Nf6 6. g3 Bh7 7. Bg2 a5 8. a4 Be7 9. O-O O-O 10. e3 c6 11. Ne5 Nbd7 12. Nxd7 Nxd7 13. Qe2 Bf6 14. Bxf6 Qxf6 15. e4 Qc3 16. Rac1 Nc5 17. Rfe1 Rfd8 18. e5 b5 19. axb5 cxb5 20. Nf3 a4 21. bxa4 bxa4 22. Qd2 Qxd2 23. Nxd2 Bxd3 24. cxd3 Nxd3 25. Bf1 Nxc1 26. Rxc1 Rdb8 27. Ra1 a3 28. Ra2 Rb2 29. Rxb2 axb2 30. Bd3 Rc8 31. Kf1 Rc1+ 32. Ke2 f6 33. f4 g5 34. Nb1 fxe5 35. fxe5 Kf7 36. Kd2 Ke7 37. Bc2 Rh1 38. Kc3 Rxh2 39. Kxb2 Rg2 40. Kc3 Rxg3+ 41. Kd4 h5 42. Nc3 h4 43. Ne2 Rg2 44. Ke3 h3 45. Kf3 g4+ 46. Kf4 h2 47. Ke3 h1=Q 48. Kf4 0-1


[Site "https://www.chess.com"]

[Event "Titled Tuesday Blitz August 22 Late 2023"]
[White "Papayan, Oleg"]
[Black "Shohat, Yotam"]
[WhiteFideId "4193911"]
[BlackFideId "2813955"]
[WhiteElo "2615"]
[BlackElo "2470"]
[Result "1-0"]
[Round "9"]
[TimeControl "180+1"]
[Date "2023.08.22"]
[WhiteClock "0:00:16"]
[BlackClock "0:00:05"]
[Board "47"]

1. e4 e5 2. Nf3 Nc6 3. Bb5 a6 4. Bxc6 dxc6 5. Nc3 f6 6. d4 Bg4 7. dxe5 Qxd1+ 8. Nxd1 Bxf3 9. gxf3 fxe5 10. f4 Nf6 11. f3 exf4 12. Bxf4 Bd6 13. Bg3 Bxg3+ 14. hxg3 Kf7 15. Ne3 Rad8 16. Ke2 Rd7 17. g4 h6 18. g5 Ng8 19. Rag1 Ne7 20. gxh6 Rxh6 21. Rxh6 gxh6 22. Ng4 Rd6 23. f4 c5 24. f5 Nc6 25. c3 h5 26. Nf2 Ne5 27. Rh1 Rh6 28. Ke3 Kf6 29. Kf4 c4 30. Rd1 h4 31. Rd5 Nd3+ 32. Nxd3 cxd3 33. e5+ Ke7 34. Rxd3 h3 35. Rd1 h2 36. Rh1 Rh4+ 37. Kg3 Re4 38. Rxh2 Rxe5 39. Kf4 Rb5 40. Kg5 Rb6 41. Rh7+ Kd8 42. f6 Rxb2 43. Rh8+ Kd7 44. f7 Rg2+ 45. Kh6 Rh2+ 46. Kg7 Rg2+ 47. Kf8 Rxa2 48. Rg8 Rf2 49. Kg7 a5 50. f8=Q Rxf8 51. Rxf8 a4 52. Kf6 Kd6 53. Kf5 Kd5 54. Rb8 b6 55. Rb7 Kc6 56. Ra7 b5 57. Ke4 Kb6 58. Ra8 Kb7 59. Rg8 Kb6 60. Kd5 c6+ 61. Kd4 c5+ 62. Kd5 b4 63. cxb4 cxb4 64. Kc4 a3 65. Kxb4 a2 66. Ra8 1-0


[Site "https://www.chess.com"]

[Event "Titled Tuesday Blitz August 22 Late 2023"]
[White "Karas, Marek"]
[Black "Ibadov, Dashgyn"]
[WhiteFideId "14928558"]
[BlackFideId "24107514"]
[WhiteElo "2448"]
[BlackElo "2612"]
[Result "1-0"]
[Round "9"]
[TimeControl "180+1"]
[Date "2023.08.22"]
[WhiteClock "0:00:06"]
[BlackClock "0:00:00"]
[Board "48"]

1. d4 d5 2. Nf3 Nf6 3. c4 e6 4. Nc3 c6 5. g3 dxc4 6. Bg2 b5 7. O-O Bb7 8. e4 Be7 9. Qe2 O-O 10. Rd1 a6 11. h4 Nbd7 12. Bf4 Qc8 13. Rac1 Re8 14. Ne5 Nxe5 15. Bxe5 c5 16. a4 cxd4 17. Bxd4 Bc6 18. axb5 axb5 19. Nb1 Qb7 20. f3 Red8 21. Kh2 Nd7 22. Qc2 Nc5 23. Bxc5 Bxc5 24. Rxd8+ Rxd8 25. b3 h6 26. bxc4 b4 27. Rd1 Rxd1 28. Qxd1 b3 29. Bf1 b2 30. Bd3 e5 31. Nc3 Bd4 32. Nd5 Kh7 33. Bb1 Qa6 34. Qb3 Qa1 35. Qd3 Qa5 36. Qe2 Qa3 37. Qd3 Qa8 38. Kg2 h5 39. Qc2 g6 40. Qd3 Kg7 41. Kh2 Qb7 42. Kg2 Ba4 43. Qa3 Bb3 44. Qd6 1-0


[Site "https://www.chess.com"]

[Event "Titled Tuesday Blitz August 22 Late 2023"]
[White "Yang, Kevin"]
[Black "Veiga, Jose Francisco R P Neves"]
[WhiteFideId "30908485"]
[BlackFideId "1930087"]
[WhiteElo "2448"]
[BlackElo "2603"]
[Result "0-1"]
[Round "9"]
[TimeControl "180+1"]
[Date "2023.08.22"]
[WhiteClock "0:00:00"]
[BlackClock "0:00:37"]
[Board "49"]

1. Nf3 Nc6 2. c4 e5 3. Nc3 Nf6 4. e3 Bb4 5. Qc2 O-O 6. Nd5 Re8 7. a3 Bf8 8. d3 d6 9. Be2 Bf5 10. Nd2 a5 11. b3 Bg6 12. O-O Nd7 13. Bb2 f5 14. Rae1 Nc5 15. Qc3 Ne7 16. Nxe7+ Bxe7 17. f4 Bf6 18. Qc2 exf4 19. exf4 Ne6 20. Bf3 c6 21. g3 Nd4 22. Bxd4 Bxd4+ 23. Kg2 Qf6 24. b4 axb4 25. axb4 Bf7 26. Nb3 Bc3 27. Rxe8+ Rxe8 28. Na5 Re7 29. Rb1 h5 30. Rb3 Be1 31. Rb1 h4 32. Nb3 Re3 33. Nd2 h3+ 0-1


[Site "https://www.chess.com"]

[Event "Titled Tuesday Blitz August 22 Late 2023"]
[White "Leenhouts, Koen"]
[Black "Delorme, Axel"]
[WhiteFideId "1008439"]
[BlackFideId "632023"]
[WhiteElo "2599"]
[BlackElo "2407"]
[Result "1-0"]
[Round "9"]
[TimeControl "180+1"]
[Date "2023.08.22"]
[WhiteClock "0:01:58"]
[BlackClock "0:00:53"]
[Board "50"]

1. d4 Nf6 2. c4 e6 3. Nc3 d5 4. cxd5 exd5 5. Bg5 Nbd7 6. Qc2 Be7 7. e3 O-O 8. Bd3 b6 9. Nf3 Bb7 10. O-O c5 11. Rad1 g6 12. dxc5 bxc5 13. Rfe1 Rc8 14. Qa4 Qb6 15. Bb5 Rfd8 16. Bxd7 Rxd7 17. Bxf6 Bc6 18. Qh4 1-0


[Site "https://www.chess.com"]

[Event "Titled Tuesday Blitz August 22 Late 2023"]
[White "Ovezdurdyyeva, Jemal"]
[Black "Hambleton, Aman"]
[WhiteFideId "14001888"]
[BlackFideId "2606577"]
[WhiteElo "2418"]
[BlackElo "2782"]
[Result "1-0"]
[Round "9"]
[TimeControl "180+1"]
[Date "2023.08.22"]
[WhiteClock "0:00:51"]
[BlackClock "0:00:00"]
[Board "51"]

1. e4 b6 2. d4 Bb7 3. Bd3 e6 4. c4 Bb4+ 5. Nc3 Bxc3+ 6. bxc3 d6 7. Ne2 Nd7 8. O-O Ne7 9. f4 f5 10. Ng3 g6 11. d5 Nc5 12. exf5 exf5 13. Bxf5 gxf5 14. Qh5+ Kd7 15. Nxf5 Qf8 16. Nd4 Re8 17. Qh3+ Kd8 18. Ba3 Bc8 19. Qh4 Bd7 20. f5 Kc8 21. Rae1 Qf7 22. Re2 Nxf5 23. Nxf5 1-0


[Site "https://www.chess.com"]

[Event "Titled Tuesday Blitz August 22 Late 2023"]
[White "Grossboss19"]
[Black "Suyarov, Mukhammadzokhid"]
[BlackFideId "14210495"]
[WhiteElo "2535"]
[BlackElo "2718"]
[Result "1-0"]
[Round "9"]
[TimeControl "180+1"]
[Date "2023.08.22"]
[WhiteClock "0:00:58"]
[BlackClock "0:01:32"]
[Board "52"]

1. d4 e6 2. Nc3 Nf6 3. e4 d5 4. e5 Nfd7 5. f4 c5 6. Nf3 Nc6 7. Be3 Qb6 8. a3 cxd4 9. Nxd4 Bc5 10. Na4 Qa5+ 11. c3 Bxd4 12. b4 Qxa4 13. Qxa4 Bxe3 14. g3 g5 15. Bb5 gxf4 16. Bxc6 bxc6 17. Qxc6 Rb8 18. Rf1 fxg3 19. hxg3 Rg8 20. Rf3 Bb6 21. O-O-O Rg7 22. Rdf1 Kf8 23. Qxe6 Nxe5 24. Qd6+ 1-0


[Site "https://www.chess.com"]

[Event "Titled Tuesday Blitz August 22 Late 2023"]
[White "Gurevich, Dmitry"]
[Black "GaiozNigalidze"]
[WhiteFideId "2000407"]
[WhiteElo "2530"]
[BlackElo "2690"]
[Result "1-0"]
[Round "9"]
[TimeControl "180+1"]
[Date "2023.08.22"]
[WhiteClock "0:00:07"]
[BlackClock "0:00:00"]
[Board "53"]

1. d4 Nf6 2. c4 c5 3. Nf3 cxd4 4. Nxd4 e5 5. Nb5 d5 6. cxd5 Bc5 7. N5c3 O-O 8. g3 Qb6 9. e3 Bg4 10. Be2 Bh3 11. g4 Rd8 12. Rg1 h5 13. gxh5 Bb4 14. h6 g6 15. Bd2 Nxd5 16. Qc2 Na6 17. Nxd5 Rxd5 18. Bc4 Rc8 19. Rxg6+ fxg6 20. Bxd5+ Kh7 21. Nc3 Nc5 22. a3 Bxc3 23. Bxc3 e4 24. Bd4 Nd3+ 25. Qxd3 exd3 26. Bxb6 axb6 27. Be4 Rc2 28. Bxd3 Rxb2 29. Rc1 Kxh6 30. Rc7 Ra2 31. Rxb7 Rxa3 32. Kd2 Rb3 33. Rc7 Bg4 34. Rc6 Bh5 35. f4 Rb2+ 36. Kc3 Rxh2 37. Rxb6 Rh3 38. Kd4 Rh1 39. f5 Rd1 40. Kc3 Kg7 41. f6+ Kh6 42. Rb8 1-0


[Site "https://www.chess.com"]

[Event "Titled Tuesday Blitz August 22 Late 2023"]
[White "Filgueiras, Nathan Felipe"]
[Black "Hjartarson, Johann"]
[WhiteFideId "2188562"]
[BlackFideId "2300044"]
[WhiteElo "2512"]
[BlackElo "2655"]
[Result "1/2-1/2"]
[Round "9"]
[TimeControl "180+1"]
[Date "2023.08.22"]
[WhiteClock "0:00:09"]
[BlackClock "0:00:02"]
[Board "54"]

1. e4 g6 2. d4 Bg7 3. Nc3 d6 4. f4 a6 5. Nf3 b5 6. a3 Nd7 7. Be3 Bb7 8. Be2 Ngf6 9. e5 Ng4 10. Bg1 c5 11. exd6 O-O 12. dxc5 exd6 13. Qxd6 Rc8 14. h3 Ngf6 15. O-O-O Qa5 16. Kb1 b4 17. axb4 Qxb4 18. c6 Qxd6 19. Rxd6 Rxc6 20. Rxc6 Bxc6 21. Bd4 a5 22. Rd1 Rb8 23. g4 h6 24. Ne5 Nxe5 25. Bxe5 Ra8 26. Bc4 Ne8 27. Bxg7 Kxg7 28. Bd5 Bxd5 29. Rxd5 Kf8 30. Ka2 Nc7 31. Re5 Ne6 32. f5 gxf5 33. Rxf5 Nd4 34. Rf2 Re8 35. Nd5 Re5 36. Nf4 Re3 37. h4 Rg3 38. c3 Nc6 39. g5 hxg5 40. hxg5 Ke7 41. Rg2 Rxg2 42. Nxg2 Ke6 43. Ne3 Ke5 44. Kb3 Kf4 45. Nd5+ Kxg5 46. Kc4 f5 47. Kb5 Ne5 48. b3 f4 49. Kxa5 f3 50. Ne3 Kf4 51. Nf1 f2 52. b4 Kf3 53. b5 Nc4+ 54. Ka6 Kg2 55. b6 Nxb6 56. Nd2 Nd5 57. c4 Ne3 58. c5 Nc4 59. c6 Nxd2 60. c7 f1=Q+ 61. Kb7 Qf3+ 62. Kb8 Qb3+ 63. Ka8 Qc4 64. Kb8 Qb5+ 65. Ka8 Qc6+ 66. Kb8 Qb6+ 67. Ka8 Qa6+ 68. Kb8 Qb6+ 69. Ka8 Qxc7 1/2-1/2


[Site "https://www.chess.com"]

[Event "Titled Tuesday Blitz August 22 Late 2023"]
[White "Tologon tegin, Semetei"]
[Black "WindWhistler11"]
[WhiteFideId "13800574"]
[WhiteElo "2609"]
[BlackElo "2497"]
[Result "1-0"]
[Round "9"]
[TimeControl "180+1"]
[Date "2023.08.22"]
[WhiteClock "0:00:04"]
[BlackClock "0:00:00"]
[Board "55"]

1. d4 Nf6 2. Nc3 e6 3. Bf4 a6 4. a3 Bd6 5. Bxd6 cxd6 6. e4 b5 7. e5 Ng8 8. Qg4 Kf8 9. exd6 Qb6 10. Qf4 Nf6 11. Nf3 Bb7 12. Be2 Ne8 13. Ng5 Nxd6 14. Bf3 f6 15. Bxb7 Nxb7 16. O-O-O Ke7 17. Nge4 Rc8 18. h4 d5 19. Ng3 Qd6 20. Qg4 Kf7 21. Nh5 Rg8 22. Rh3 Nd7 23. Re3 Rae8 24. Nf4 Na5 25. Qh5+ g6 26. Qxh7+ Rg7 27. Qh6 Nc4 28. Re2 b4 29. Ncxd5 bxa3 30. Kb1 Nxb2 31. Rde1 Nf8 32. Nxf6 Kxf6 33. Nh5+ Ke7 34. Qxg7+ Kd8 35. Qf6+ Kc8 36. Ng7 Qb4 37. d5 Nc4+ 38. Ka2 1-0


[Site "https://www.chess.com"]

[Event "Titled Tuesday Blitz August 22 Late 2023"]
[White "Michalczak, Thomas"]
[Black "Vlassov, Nikolai"]
[WhiteFideId "4622634"]
[BlackFideId "4103360"]
[WhiteElo "2495"]
[BlackElo "2608"]
[Result "1-0"]
[Round "9"]
[TimeControl "180+1"]
[Date "2023.08.22"]
[WhiteClock "0:00:09"]
[BlackClock "0:00:00"]
[Board "56"]

1. e4 Nc6 2. Nf3 d5 3. exd5 Qxd5 4. Nc3 Qa5 5. Bb5 Bd7 6. O-O a6 7. Ba4 Nf6 8. Re1 O-O-O 9. d4 Qh5 10. Ne5 Nxe5 11. Qxh5 Nxh5 12. dxe5 Bxa4 13. Nxa4 f5 14. Nc5 Rd5 15. Ne6 g6 16. c4 Rd3 17. Be3 Ng7 18. Nc5 Rd8 19. Rad1 b6 20. Rxd8+ Kxd8 21. Nxa6 e6 22. a3 Be7 23. b4 g5 24. g3 f4 25. gxf4 gxf4 26. Bxf4 Nf5 27. c5 Kc8 28. cxb6 cxb6 29. Rc1+ Kb7 30. b5 Bxa3 31. Rc7+ Ka8 32. Kf1 Nd4 33. Be3 Nxb5 34. Rf7 h5 35. Bxb6 Rc8 36. Be3 Rc2 37. Kg2 Bb2 38. Re7 Bxe5 39. Rxe6 Bd4 40. Bxd4 Nxd4 41. Re7 Nf5 42. Rf7 Nd6 43. Rf6 Ne4 44. Rf4 Nd6 45. Rf6 Ne4 46. Rf8+ Kb7 47. Nb4 Rb2 48. Nd5 Kc6 49. Ne3 Kd7 50. Rf5 h4 51. h3 Ke6 52. Rf4 Ke5 53. Rf5+ Ke6 54. Rf4 Ke5 55. Rf8 Ra2 56. Ng4+ Ke6 57. Re8+ Kf5 58. Rf8+ Kg5 59. Rg8+ Kf4 60. Rh8 Kg5 61. Rg8+ Kf4 62. Re8 Ng5 63. Rf8+ Ke4 64. Re8+ Kf4 65. Rf8+ Ke4 66. Rg8 Kf4 67. Rh8 1-0


[Site "https://www.chess.com"]

[Event "Titled Tuesday Blitz August 22 Late 2023"]
[White "Bazilius, Augustinas"]
[Black "Ribeiro, Matheus Mendes Domingues"]
[WhiteFideId "12832251"]
[BlackFideId "324226923"]
[WhiteElo "2468"]
[BlackElo "2605"]
[Result "0-1"]
[Round "9"]
[TimeControl "180+1"]
[Date "2023.08.22"]
[WhiteClock "0:00:02"]
[BlackClock "0:00:05"]
[Board "57"]

1. d4 d5 2. c4 e6 3. Nf3 Nf6 4. g3 Be7 5. Bg2 O-O 6. O-O dxc4 7. Ne5 Nc6 8. Bxc6 bxc6 9. Nxc6 Qe8 10. Nxe7+ Qxe7 11. Qa4 e5 12. dxe5 Qxe5 13. Qxc4 Be6 14. Qc2 Bf5 15. Qc4 Be6 16. Qc2 Qh5 17. f3 Nd5 18. Nc3 Rfd8 19. Nxd5 Bxd5 20. e4 Be6 21. Bf4 Rd7 22. b3 h6 23. Rad1 Rad8 24. Qe2 a5 25. Rxd7 Rxd7 26. Rd1 Rxd1+ 27. Qxd1 c6 28. Be3 Qb5 29. Qd2 a4 30. bxa4 Qxa4 31. Bd4 Bxa2 32. Qc3 f6 33. Kg2 Bc4 34. Bf2 Qa2 35. Qd4 Qe2 36. Qd8+ Kh7 37. g4 Bb3 38. Kg3 Bd1 39. Qd6 Qxf3+ 40. Kh4 Qxg4# 0-1


[Site "https://www.chess.com"]